cohdb
Replays
Latest Replays
All Replays
Popular Replays
Top Player Replays
Match Explorer
How It Works
Community
CoH3 Stats
Reddit
Sign in to upload your games and track your stats! →
Sign in with Steam
Match 45592148
Unlisted
Match 45592148
Overview
Messages
Build Orders
End
Kradschützen Motorcycle Team
Selects Panzerjäger Kommand Battlegroup
Selects Mine Fields
250 Light Carrier
Panzergrenadier Squad
Panzergrenadier Squad
Construct Light Support Kompanie
Selects Tank Busters
Fire Support Elements
Panzergrenadier Squad
Selects Defensive Positions
Flakvierling Half-track
Panzerjäger Mechanized Group
Selects Crew Shock Tactics
2.5-tonne Medical Truck
Construct Panzerarmee Kommand
Veteran Squad Leaders
Selects Butterfly Bomb Drop
Armored Reserves
Panzergrenadier Squad
Vehicle Survival Package
Tiger Heavy Tank
Walking Stuka Rocket Launcher
Walking Stuka Rocket Launcher
Tiger Heavy Tank
Butterfly Bomb Drop
Cpt Darling
jwalker987
Nick_The_Great
김치워리어
0
0
Comments
sign in to comment!
No comments posted yet!